 Dungeon Sprint DCSS version 0.30-a0-867-g305f33218d (webtiles) character file.

Game seed: 4283997142893333450

258 howech the Jinx (level 5, -3/21 HPs)
             Began as a Felid Enchanter on Mar 10, 2023.
             Was an Initiate of Sif Muna.
             Slain by a deep troll (4 damage)
             ... in the Dungeon (Sprint I: "Red Sonja").
             The game lasted 00:03:15 (416 turns).

howech the Jinx (Felid Enchanter)                    Turns: 416, Time: 00:03:16

Health: -3/21      AC:  2    Str:  4    XL:     5   Next: 94%
Magic:  14/14      EV: 22    Int: 19    God:    Sif Muna [......]
Gold:   420        SH:  0    Dex: 16    Spells: 11/16 levels left
                                        Lives:  0   Deaths: 2

rFire   . . .      SeeInvis +      - Unarmed
rCold   . . .      Faith    .    (shield unavailable)
rNeg    . . .      Spirit   .    (body armour unavailable)
rPois   .          Reflect  .    (helmet unavailable)
rElec   .          Rampage  .    (cloak unavailable)
rCorr   .          NoTele   +    (gloves unavailable)
Will    .....                    (boots unavailable)
Stlth   +++++                    (no amulet)
HPRegen 0.23/turn                (no ring)
MPRegen 0.14/turn                (no ring)

@: hasted, very quick
A: very small, claws 1, fangs 3, see invisible, speed 1, shaggy fur 2, stealthy
paws, no weapons or thrown items, no armour, multi-lived
a: Renounce Religion


You were in the Dungeon.
You worshipped Sif Muna.
Sif Muna was noncommittal.
You visited 1 branch You collected 420 gold pieces.

Inventory:

Wands
 f - a wand of digging (4)
Scrolls
 g - a scroll of blinking
 i - a scroll of magic mapping {unknown}
Potions
 a - 2 potions of invisibility
 b - a potion of curing
 c - a potion of heal wounds
 e - a potion of magic
 h - a potion of brilliance {unknown}
 j - a potion of ambrosia {unknown}


   Skills:
 + Level 9.0 Dodging
 + Level 10.2 Stealth
 + Level 6.6 Unarmed Combat
 + Level 6.3 Spellcasting
 * Level 13.7 Hexes
 + Level 5.9 Ice Magic


You had 11 spell levels left.
You knew the following spells:

 Your Spells              Type           Power      Damage    Failure   Level
a - Ensorcelled Hibernat  Hex/Ice        86%        N/A       1%          2
b - Confusing Touch       Hex            55%        N/A       1%          3

Your spell library contained the following spells:

 Spells                   Type           Power      Damage    Failure   Level
 Dazzling Flash           Conj/Hex       64%        N/A       1%          3
 Tukima's Dance           Hex            55%        N/A       1%          3


Dungeon Overview and Level Annotations

Branches:
Dungeon (1/1)

Altars:
Cheibriados
Dithmenos
Elyvilon
Fedhas
Gozag
Hepliaklqana
Kikubaaqudgha
Nemelex Xobeh
Okawaru
Qazlal
Ru
Sif Muna
Trog
Uskayaw
Vehumet
Wu Jian
Yredelemnul
Zin
The Shining One

Shops:
D [(


Innate Abilities, Weirdness & Mutations

You have sharp claws.
You have razor-sharp teeth.
You have supernaturally acute eyesight. (SInv)
You cover ground quickly. (Speed+)
You are covered in thick fur. (AC +2)
Your paws help you pounce on unaware monsters.
You are incapable of wielding weapons or throwing items.
You cannot wear armour.
You gain extra lives every three experience levels.


Message History

Aiming: Ensorcelled Hibernation (safe; 1% risk of failure)
Press: ? - help, Shift-Dir - straight line, f - deep troll
Aim: a deep troll (severely wounded, not susceptible)
The deep troll is unaffected.
The deep troll barely misses you.
The deep troll claws you but does no damage.
The deep troll misses you.
You scratch the deep troll but do no damage.
You bite the deep troll.
The deep troll is severely wounded.
The deep troll closely misses you. The deep troll claws you!
* * * LOW HITPOINT WARNING * * *
The deep troll claws you.
* * * LOW HITPOINT WARNING * * *
Casting: Ensorcelled Hibernation (safe; 1% risk of failure)
Confirm with . or Enter, or press ? or * to list all spells.
Aiming: Ensorcelled Hibernation (safe; 1% risk of failure)
Press: ? - help, Shift-Dir - straight line, f/p - deep troll
Aim: a deep troll (severely wounded, not susceptible)
The deep troll is unaffected.
You barely miss the deep troll.
You bite the deep troll, but do no damage.
The deep troll is severely wounded.
The deep troll bites you.
* * * LOW HITPOINT WARNING * * *
The deep troll barely misses you. The deep troll claws you!
You die...
You are now level 5!
You rejoin the land of the living...
Unknown command.
There is an open door here.
You feel yourself speed up.
There is an open door here.
There is an open door here.
You scratch the deep troll but do no damage.
The deep troll is heavily wounded.
The deep troll bites you. The deep troll claws you!
Ouch! That really hurt!
* * * LOW HITPOINT WARNING * * *
The deep troll claws you.
You die...

#..#####'#####'#
#.)####..#...#.#
#..#__####..##.#
#..#_____##'#_.+
#⌠⌠#_.∩..†'..._#
####_..__##_.#'#
#_____###'#.#
############.####+###
#∩....†T@.'.).'$$.$$+
###++++####...#######
##.## #+#


You could see a deep troll.

Vanquished Creatures
  Sonja (D)
  Sigmund (D)
  A yak (D)
  An ogre (D)
  A jelly (D)
  Ijyb (D)
6 creatures vanquished.

Notes
Turn   | Place    | Note
-------+----------+-------------------------------------------
     0 | D        | howech the Felid Enchanter began the quest for the Orb.
     0 | D        | Reached XP level 1. HP: 7/7 MP: 4/4
     3 | D        | Noticed Ijyb
    12 | D        | Killed Ijyb
    13 | D        | Reached skill level 5 in Stealth
    13 | D        | Reached skill level 6 in Hexes
    13 | D        | Reached skill level 1 in Ice Magic
    13 | D        | Reached XP level 2. HP: 11/11 MP: 4/6
    42 | D        | Learned a level 2 spell: Ensorcelled Hibernation
    52 | D        | Noticed an ogre
    69 | D        | Killed an ogre
    70 | D        | Reached skill level 5 in Dodging
    70 | D        | Reached skill level 8 in Hexes
    70 | D        | Reached XP level 3. HP: 14/14 MP: 3/9
    70 | D        | Reached XP level 4. HP: 18/18 MP: 3/10
   246 | D        | Learned a level 3 spell: Confusing Touch
   247 | D        | Noticed Sigmund
   251 | D        | Killed Sigmund
   252 | D        | Reached skill level 10 in Hexes
   252 | D        | Reached XP level 5. HP: 21/21 MP: 8/12
   293 | D        | Found a shimmering blue altar of Sif Muna.
   294 | D        | Found an ornate altar of the Wu Jian Council.
   295 | D        | Found a radiant altar of Vehumet.
   299 | D        | Gained mutation: You are covered in thick fur. (AC +2)
                  | [Felid growth]
   299 | D        | Reached XP level 6. HP: 24/24 MP: 10/14
   311 | D        | Became a worshipper of Sif Muna the Loreminder
   328 | D        | Found Ocemulin's Weapon Emporium.
   328 | D        | Found an ancient bone altar of Kikubaaqudgha.
   328 | D        | Found a hazy altar of Hepliaklqana.
   328 | D        | Found a hide-covered altar of Uskayaw.
   328 | D        | Found a basalt altar of Yredelemnul.
   328 | D        | Found an opulent altar of Gozag.
   328 | D        | Found a snail-covered altar of Cheibriados.
   328 | D        | Found a sacrificial altar of Ru.
   328 | D        | Found a shadowy altar of Dithmenos.
   328 | D        | Noticed a yak
   329 | D        | Found a stormy altar of Qazlal.
   329 | D        | Found a blossoming altar of Fedhas.
   329 | D        | Found a bloodstained altar of Trog.
   329 | D        | Found an iron altar of Okawaru.
   329 | D        | Found a glowing golden altar of the Shining One.
   329 | D        | Found a glowing silver altar of Zin.
   329 | D        | Found a white marble altar of Elyvilon.
   330 | D        | Killed a yak
   331 | D        | Reached skill level 5 in Unarmed Combat
   331 | D        | Reached skill level 5 in Spellcasting
   331 | D        | Reached skill level 11 in Hexes
   331 | D        | Found a sparkling altar of Nemelex Xobeh.
   341 | D        | Noticed Sonja
   345 | D        | Killed Sonja
   346 | D        | Reached skill level 10 in Stealth
   346 | D        | Reached skill level 13 in Hexes
   346 | D        | Reached skill level 5 in Ice Magic
   346 | D        | Reached XP level 7. HP: 27/27 MP: 12/17
   361 | D        | Found Fuoqeoco's Antique Armour Boutique.
   381 | D        | Noticed a deep troll
   384 | D        | Slain by a deep troll
   385 | D        | Reached XP level 6. HP: -1/24 MP: 15/16
   405 | D        | HP: 1/24 [deep troll (2)]
   405 | D        | Mangled by a deep troll
   406 | D        | Reached XP level 5. HP: -6/21 MP: 10/14
   416 | D        | HP: 1/21 [deep troll (16)]
   416 | D        | Slain by a deep troll

Illustrated notes

Levels and vault maps discovered:
D:        dungeon_sprint_1 [red_sonja_temple_1, red_sonja_temple_small_1]

Skill      XL: |  1  2  3  4  5  6 |
---------------+-------------------+-----
Dodging        | 3 5 6 9 |  9.0
Stealth        | 5 6 7 8 10 | 10.2
Unarmed Combat | 2 3 4 6 |  6.6
Hexes          | 6 8 10 13 | 13.7
Ice Magic      | 1 2 4 5 |  5.9
Spellcasting   | 3 4 6 |  6.3

Action                     |  1- 3 |  4- 6 |  7- 9 || total
---------------------------+-------+-------+-------++-------
  Melee: Unarmed           |    11 |    12 |       ||    23
         Bite              |       |     2 |       ||     2
   Cast: Ensorcelled Hiber |     5 |     7 |     1 ||    13
    Use: Potion            |     2 |     1 |       ||     3
   Stab: Sleeping          |     2 |     6 |       ||     8
 Armour: Skin              |       |     1 |       ||     1
  Dodge: Dodged            |     9 |    16 |       ||    25

Table legend: (Time is in decaauts)
 A = Elapsed time spent in this place.
 B = Non-inter-level travel time spent in this place.
 C = Inter-level travel time spent in this place.
 D = Time resting spent in this place.
 E = Time spent auto-exploring this place.
 F = Levels seen in this place.
 G = Mean time per level.
                   A        B        C        D        E       F      G
               +--------+--------+--------+--------+--------+-----+--------+
         Total |    396 |    396 |      0 |    228 |      0 |   1 |  396.0 |
       Dungeon |    396 |    396 |      0 |    228 |      0 |   1 |  396.0 |
               +--------+--------+--------+--------+--------+-----+--------+

Top non-repeatable levels by time:
       D: 396 daAuts
